 Dungeon Crawl Stone Soup version 0.26.1-11-gd32895ea62 (webtiles) character file.

Game seed: 2010108086960819917

58 Arsuriii the Cudgeller (level 4, -1/28 HPs)
             Began as a Tengu Berserker on Apr 17, 2021.
             Was a Believer of Trog.
             Slain by an adder (3 damage)
             ... on level 2 of the Dungeon on Apr 20, 2021.
             The game lasted 00:06:44 (1014 turns).

Arsuriii the Cudgeller (Tengu Berserker)            Turns: 1014, Time: 00:06:44

Health: -1/28      AC:  2    Str: 19    XL:     4   Next: 1%
Magic:  5/5        EV: 13    Int:  7    God:    Trog [**....]
Gold:   32         SH:  0    Dex: 13    Spells: 3/3 levels left

rFire    . . .     SeeInvis .   a - +0 mace
rCold    . . .     Faith    .   (no shield)
rNeg     . . .     Spirit   .   b - +0 animal skin
rPois    .         Reflect  .   (helmet restricted)
rElec    .         Harm     .   (no cloak)
rCorr    .         Rampage  .   (no gloves)
Will     .....                  (boots unavailable)
Stlth    +.........             (no amulet)
HPRegen  0.09/turn              (no ring)
MPRegen  0.09/turn              (no ring)

@: no status effects
A: beak, talons 3
a: Renounce Religion, Berserk, Trog's Hand


You were on level 2 of the Dungeon.
You worshipped Trog.
Trog was pleased with you.
You visited 1 branch of the dungeon, and saw 2 of its levels.

You collected 32 gold pieces.

Inventory:

Hand Weapons
 a - a +0 mace (weapon)
Armour
 b - a +0 animal skin (worn)
 h - a +0 pair of gloves
 i - a +1 pair of boots
 j - a +0 ring mail
 k - a +2 pair of gloves
Jewellery
 g - an uncursed ring of magical power {unknown}
Scrolls
 c - a scroll of teleportation {unknown}
 e - a scroll of remove curse {unknown}
 f - a scroll of amnesia
Potions
 d - a potion of mutation {unknown}
 l - a potion of heal wounds {unknown}
 m - 2 potions of invisibility {unknown}


   Skills:
 + Level 3.6 Fighting
 + Level 4.1 Maces & Flails
 + Level 2.3 Armour
 + Level 3.0 Dodging


You had 3 spell levels left.
You didn't know any spells.
Your spell library was empty.

Dungeon Overview and Level Annotations

Branches:
Dungeon (2/15)

Altars:
Cheibriados
Xom


Innate Abilities, Weirdness & Mutations

You have a beak for a mouth.
You have claws for feet.


Message History

You kill the hobgoblin!
Trog accepts your kill.
Your Dodging skill increases to level 3!
You have reached level 4!
You feel stronger.
There are monsters nearby!
You hit the goblin.
You kill the goblin!
Trog accepts your kill. The adder bites you.
* * * LOW HITPOINT WARNING * * *
The adder bites you but does no damage.
An adder is nearby!
Items here: $ )) ††.
An adder is nearby!
An adder is nearby!
An adder is nearby!
An adder is nearby!
The adder bites you.
You die...

.. ?...>.. ##. ...... ..####....
#......... # ... ######.......##
# #. ... ...........$..###..#
.####. ... ###......##†#.......
......
...##...#....†)S@.........<.##...
............######...............
............# #.............#
.#..........### ##.....#..##....
..............# ##......#..##....
.#..........#.# ...........#.....
#..........#.#.# #..........#...
###..#####..>..###.......§(.....
.# ##.####...##........##''##....


You could see an adder.

Vanquished Creatures
  2 adders (D:2)
  2 oozes
  A leopard gecko (D:2)
  4 bats
  A giant cockroach (D:2)
  5 goblins
  6 hobgoblins
  3 kobolds (D:2)
  A ball python (D:2)
  A frilled lizard (D:2)
  3 rats
29 creatures vanquished.

Notes
Turn   | Place    | Note
-------+----------+-------------------------------------------
     0 | D:1      | Arsuriii the Tengu Berserker began the quest for the Orb.
     0 | D:1      | Reached XP level 1. HP: 14/14 MP: 2/2
    49 | D:1      | Reached XP level 2. HP: 9/19 MP: 3/3
   348 | D:2      | Found a shimmering altar of Xom.
   413 | D:2      | Reached XP level 3. HP: 18/23 MP: 4/4
   424 | D:2      | Reached ** piety under Trog
   793 | D:2      | Found a snail-covered altar of Cheibriados.
   835 | D:2      | Reached skill level 4 in Maces & Flails
  1011 | D:2      | Reached XP level 4. HP: 3/28 MP: 5/5
  1011 | D:2      | HP: 1/28 [adder (2)]
  1014 | D:2      | Slain by an adder

Illustrated notes

Levels and vault maps discovered:
D:1:      heliophobic_arrival_glass_houses, layout_basic
D:2:      layout_rooms, general_overflow_altar, lemuel_round_altar,
          hangedman_abyss_or_decor_lesser_grid, kennysheep_path_1

Skill      XL: |  1  2  3 |
---------------+----------+-----
Maces & Flails | 4 |  4.1
Dodging        | 3 |  3.0
Fighting       | |  3.6
Armour         | |  2.3

Action                   |  1- 3 |  4- 6 || total
-------------------------+-------+-------++-------
Melee: Mace              |    65 |     1 ||    66
       Kick              |    18 |       ||    18
       Peck              |     6 |       ||     6
Invok: Berserk           |     2 |       ||     2
  Use: Scroll            |     1 |       ||     1
Armor: Animal skin       |    16 |     1 ||    17
Dodge: Dodged            |    61 |       ||    61
